 Dungeon Crawl Stone Soup version 0.32-a0-705-g60f233581c (webtiles) character file.

Game seed: 17718651247322447978

34 BeKind the Caller (level 3, -1/24 HPs)
             Began as a Barachi Summoner on Mar 15, 2024.
             Slain by an adder (2 damage)
             ... on level 2 of the Dungeon.
             The game lasted 00:01:32 (679 turns).

BeKind the Caller (Barachi Summoner)                 Turns: 679, Time: 00:01:32

Health: -1/24      AC:  2    Str:  9    XL:     3   Next: 31%
Magic:  5/6        EV: 11    Int: 15    God:
Gold:   51         SH:  0    Dex: 14    Spells: 4/7 levels left

rFire   . . .        c - +0 sling
rCold   . . .        (no shield)
rNeg    . . .        a - +0 robe
rPois   .            (no helmet)
rElec   .            (no cloak)
rCorr   .            (no gloves)
SInv    .            (no boots)
Will    .....        (no amulet)
Stlth   ++           (no ring)
HPRegen 0.24/turn    (no ring)
MPRegen 0.10/turn

%: no passive effects
@: mighty, lethally poisoned (-1 -> -8), slow
A: amphibious, slowness 1, strong legs 1, +LOS
a: Hop


You were on level 2 of the Dungeon.
You visited 1 branch of the dungeon, and saw 2 of its levels.

You collected 51 gold pieces.

Inventory:

Hand Weapons
 c - a +0 sling (weapon)
Armour
 a - a +0 robe (worn)
Scrolls
 e - a scroll of teleportation {unknown}
 f - a scroll of torment {unknown}
 g - a scroll of noise {unknown}
Potions
 b - a potion of magic
 h - a potion of heal wounds {unknown}
 i - 2 potions of berserk rage {unknown}


   Skills:
 + Level 1.1 Ranged Weapons
 + Level 2.7 Dodging
 - Level 2.0 Stealth
 + Level 2.5 Spellcasting
 + Level 5.1 Summonings


You had 4 spell levels left.
You knew the following spells:

 Your Spells              Type           Power      Damage    Failure   Level
a - Summon Small Mammal   Summ           68%        N/A       2%          1
b - Call Imp              Summ           34%        N/A       3%          2

Your spell library contained the following spells:

 Spells                   Type           Power      Damage    Failure   Level
 Call Canine Familiar     Summ           17%        N/A       8%          3
 Summon Blazeheart Golem  Fire/Summ      9%         N/A       58%         4
 Summon Lightning Spire   Summ/Air       9%         N/A       58%         4


Dungeon Overview and Level Annotations

Branches:
Dungeon (2/15)

Altars:


Innate Abilities, Weirdness & Mutations

You are amphibious.
You cover ground slowly.
You can hop short distances.
You have an extended range of vision and can be seen from far away.


Message History

You shoot a sling bullet.
The sling bullet closely misses the adder.
The adder misses you.
You shoot a sling bullet. The sling bullet hits the quokka.
You kill the quokka!
The adder bites you.
You are poisoned.
The adder poisons you! The adder bites you.
You shoot a sling bullet. The sling bullet hits the adder.
The adder is heavily wounded.
You feel very sick. The adder closely misses you. The adder bites you.
You shoot a sling bullet.
The sling bullet closely misses the adder.
You feel sick. The adder closely misses you. The adder bites you.
You shoot a sling bullet.
The sling bullet barely misses the adder.
You feel sick. The adder bites you.
You are more poisoned.
The adder poisons you! The adder bites you.
You are too injured to fight recklessly!
You are too injured to fight recklessly!
You are too injured to fight recklessly!
Casting: Call Imp (safe; 3% risk of failure)
Confirm with . or Enter, or press ? or * to list all spells.
* * * LOW HITPOINT WARNING * * *
You feel sick. The adder bites you.
* * * LOW HITPOINT WARNING * * *
You are lethally poisoned!
The adder poisons you!
* * * LOW HITPOINT WARNING * * *
You feel very sick. The adder bites you.
* * * LOW HITPOINT WARNING * * *
There is a stone staircase leading up here.
It was a potion of might.
You feel very mighty all of a sudden.
* * * LOW HITPOINT WARNING * * *
You feel sick. The adder bites you.
You die...

.. ..# ..# ...#.
...... ... #
#####....#
.....#.#........#.
........@.r.......
.......#.S........
.........†........
......[...........
####..........##+#
#........?...
#.....###..)...
#...... ......
#.....# ......


You could see an adder (ally target) and a friendly rat (summoned).

Vanquished Creatures
  3 endoplasms
  3 giant cockroaches (D:1)
  A hobgoblin (D:2)
  4 kobolds (D:1)
  A quokka (D:2)
  2 ball pythons (D:1)
  3 bats (D:1)
  10 frilled lizards (D:1)
  3 goblins
30 creatures vanquished.

Vanquished Creatures (collateral kills)
  A goblin (D:1)
  A kobold (D:1)
  A frilled lizard (D:1)
3 creatures vanquished.

Grand Total: 33 creatures vanquished

Notes
Turn   | Place    | Note
-------+----------+-------------------------------------------
     0 | D:1      | BeKind the Barachi Summoner began the quest for the Orb.
     0 | D:1      | Reached XP level 1. HP: 13/13 MP: 3/3
   164 | D:1      | Reached XP level 2. HP: 19/19 MP: 1/5
   220 | D:1      | Reached skill level 5 in Summonings
   251 | D:1      | Learned a level 2 spell: Call Imp
   437 | D:1      | Reached XP level 3. HP: 24/24 MP: 6/6
   446 | D:1      | Reached skill level 1 in Ranged Weapons
   679 | D:2      | HP: 1/24 [poisoned by an adder]
   679 | D:2      | Slain by an adder

Illustrated notes

Levels and vault maps discovered:
D:1:      reono_arrival_forest_river, layout_rooms, minmay_misc_feat_cross,
          hex_intersection, minmay_lizard_pond
D:2:      layout_basic, serial_shops, nicolae_shop_trees, shop,
          nicolae_shop_gaudy_bauble, nicolae_shop_crystal, uniq_sigmund,
          uniq_robin, uniq_jessica

Skill      XL: |  1  2  3 |
---------------+----------+-----
Stealth        | 2 |  2.0
Summonings     | 5 |  5.1
Ranged Weapons | 1 |  1.1
Dodging        | |  2.7
Spellcasting   | |  2.5

Action                     || total
---------------------------++-------
   Fire: Sling             ||    84
   Cast: Summon Small Mamm ||     8
         Call Imp          ||     1
    Use: Potion            ||     1
 Armour: Robe              ||    24
  Dodge: Dodged            ||    33

Table legend: (Time is in decaauts)
 A = Elapsed time spent in this place.
 B = Non-inter-level travel time spent in this place.
 C = Inter-level travel time spent in this place.
 D = Time resting spent in this place.
 E = Time spent auto-exploring this place.
 F = Levels seen in this place.
 G = Mean time per level.
                   A        B        C        D        E       F      G
               +--------+--------+--------+--------+--------+-----+--------+
         Total |    792 |    770 |     22 |      0 |    571 |   2 |  396.0 |
       Dungeon |    792 |    770 |     22 |      0 |    571 |   2 |  396.0 |
               +--------+--------+--------+--------+--------+-----+--------+

Top non-repeatable levels by time:
     D:1: 763 daAuts
     D:2: 29 daAuts
